 Dungeon Crawl Stone Soup version 0.21.1 (webtiles) character file.

46088 Wehk the Unseen (level 14, -1/99 HPs)
             Began as a Halfling Assassin on Feb 2, 2018.
             Was a High Priest of Okawaru.
             Slain by a catoblepas (3 damage)
             ... on level 15 of the Dungeon on Feb 3, 2018.
             The game lasted 01:59:36 (29897 turns).

Wehk the Unseen (Halfling Assassin)                Turns: 29897, Time: 01:59:37

Health: -1/99      AC: 13    Str: 13    XL:     14   Next: 74%
Magic:  18/18      EV:  3    Int:  6    God:    Okawaru [*****.]
Gold:   1886       SH:  0    Dex: 18    Spells: 13/13 levels left

rFire    . . .     SeeInvis +   w - +5 dagger "Foqexzuh" {venom, +Blink MR+++ Str-2 Int-3 SInv}
rCold    + . .     Gourm    .   V - +0 buckler
rNeg     + + +     Faith    .   c - +3 leather armour
rPois    ∞         Spirit   .   p - +1 hat
rElec    .         Reflect  .   d - +0 cloak
rCorr    .         Harm     .   M - +0 pair of gloves
MR       +++++                  v - +0 pair of boots
Stlth    +++++++...             y - amulet of rage
HPRegen  0.26/turn              N - ring of protection from cold
MPRegen  0.16/turn              O - ring of protection from magic

@: petrified, heroism, berserk cooldown, slowed
A: small, mutation resistance 1
a: Heroism, Finesse, Renounce Religion, Evoke Blink, Evoke Berserk Rage


You were on level 15 of the Dungeon.
You worshipped Okawaru.
Okawaru was extremely pleased with you.
You were near starving.

You visited 4 branches of the dungeon, and saw 24 of its levels.
You also visited: Ossuary.

You collected 1886 gold pieces.

Inventory:

Hand Weapons
 e - a +0 blowgun
 w - the +5 dagger "Foqexzuh" (weapon) {venom, +Blink MR+++ Str-2 Int-3 SInv}
   (You found it on level 4 of the Dungeon)

   It poisons the flesh of those it strikes.
   It affects your strength (-2).
   It affects your intelligence (-3).
   It affects your resistance to hostile enchantments.
   It lets you see invisible.
   It lets you blink.
Missiles
 b - 26 poisoned needles
 t - 4 tomahawks of dispersal
 E - 3 tomahawks
 F - 6 needles of confusion
 H - 8 silver tomahawks
 L - 4 needles of sleeping
 P - 2 tomahawks of returning (quivered)
 X - a curare-tipped needle
Armour
 c - a +3 leather armour (worn)
 d - a +0 cloak (worn)
 p - a +1 hat (worn)
 v - a +0 pair of boots (worn)
 M - a +0 pair of gloves (worn)
 V - a +0 buckler (worn)
Jewellery
 o - an uncursed amulet of magic regeneration
 y - an amulet of rage (around neck)
 G - an uncursed ring of protection from cold
 N - a ring of protection from cold (left hand)
 O - a ring of protection from magic (right hand)
 R - an uncursed amulet of the gourmand {unknown}
Wands
 x - a wand of enslavement (18)
 B - a wand of acid (10)
 J - a wand of iceblast (10)
 Q - a wand of paralysis (13)
Scrolls
 h - 9 scrolls of teleportation {teleport}
 j - 2 scrolls of immolation
 k - 2 scrolls of noise {unknown}
 m - 4 scrolls of remove curse
 q - a scroll of torment {unknown}
 u - 5 scrolls of enchant armour
 A - a scroll of fear
 C - 3 scrolls of enchant weapon
 D - 2 scrolls of magic mapping
 U - 2 scrolls of silence
Potions
 a - 10 potions of heal wounds
 f - 6 potions of flight
 i - a potion of invisibility
 l - 3 potions of mutation
 n - a potion of magic
 r - 3 potions of curing
 s - 2 potions of ambrosia {unknown}
 z - 2 potions of lignification
 I - 3 potions of haste
 S - 2 potions of might {unknown}
 T - a potion of berserk rage {unknown}
 W - 2 potions of cancellation
Comestibles
 g - 15 rations


   Skills:
 + Level 10.1(15.1) Fighting
 - Level 12.1(17.1) Short Blades
   Level 2.0(7.0) Axes
 - Level 7.0(12.0) Throwing
 - Level 6.1(11.1) Armour
 - Level 11.0(16.0) Dodging
 - Level 15.0(20.0) Stealth
 - Level 4.3(9.3) Shields
 - Level 6.0 Invocations
 - Level 3.0 Evocations


You had 13 spell levels left.
You didn't know any spells.

Dungeon Overview and Level Annotations

Branches:
Dungeon (15/15)            Temple (1/1) D:7            Lair (6/6) D:11
 Shoals (0/4) Lair:4       Spider (0/4) Lair:3        Slime (0/5) Lair:6
    Orc (2/2) D:10            Elf (0/3) Orc:2
 Vaults: D:13-14     Depths: D:15

Altars:
Ashenzari
Cheibriados
Dithmenos
Elyvilon
Fedhas
Gozag
Hepliaklqana
Kikubaaqudgha
Makhleb
Nemelex Xobeh
Okawaru
Qazlal
Ru
Sif Muna
Trog
Uskayaw
Vehumet
Wu Jian
Xom
Yredelemnul
Zin
The Shining One
Beogh
Jiyva

Shops:
D:10 (   Orc:2 (

Annotations:
D:2 exclusion: downstairs
D:3 Paps's ghost, amateur GrFi
D:10 exclusion: downstairs
D:11 exclusion: 2 downstairs
D:12 troglodite's ghost, journeyman DsBe
D:14 Agrougrou's ghost, journeyman OpTm
Lair:2 exclusion: 2 downstairs
Lair:3 p0werm0de's ghost, journeyman MiCK
Lair:4 exclusion: upstairs
Orc:1 exclusion: downstairs


Innate Abilities, Weirdness & Mutations

You are small and have problems with some larger weapons.
You are somewhat resistant to further mutation.


Message History

You feel your anger nearly subside.
There is an escape hatch in the ceiling here.
You are no longer berserk.
You are exhausted.
You feel yourself slow down.
You have turned to stone.
The catoblepas breathes a plume of calcifying dust at you.
The blast of calcifying dust hits you!
You are engulfed in calcifying dust.
The catoblepas barely misses you.
You are engulfed in calcifying dust.
The catoblepas gores you!!
* * * LOW HITPOINT WARNING * * *
You are engulfed in calcifying dust.
Magic restored.
The catoblepas gores you!!
* * * LOW HITPOINT WARNING * * *
You are engulfed in calcifying dust.
The catoblepas gores you!!
* * * LOW HITPOINT WARNING * * *
You are engulfed in calcifying dust.
The catoblepas breathes a plume of calcifying dust at you.
The blast of calcifying dust hits you! The catoblepas gores you.
The catoblepas gores you!
You die...

#......((. .....# #.......
.........# #....# #.......
...[...(.# #....## #....###
.......(.# #.....# #....#
.........# #.....# #....#
........(# #.....# #....#
.........######.....# #....#
.....†..............######....#
...............Y@§§.§§........#
..............................#
####..........................###
#......########...............
#......# #..............$
#.###### ################ #.


You could see a catoblepas.

Vanquished Creatures
  2 hydras
  A centaur warrior (D:14)
  A death yak (Lair:4)
  5 two-headed ogres
  An orc high priest (Orc:1)
  Sonja (Lair:3)
  3 slime creatures (D:11)
  2 orc knights (Orc:1)
  2 ugly things
  2 deep elf magi
  2 cyclopes (D:11)
  A merfolk siren (Lair:4)
  Maurice (D:12)
  5 elephants (Lair:6)
  6 black mambas
  A gargoyle (D:13)
  7 spiny frogs
  2 torpor snails
  A centaur skeleton (D:11)
  3 rime drakes
  6 komodo dragons
  The ghost of Phong the Poker, a novice OpSk (D:4)
  A freezing wraith (D:15)
  A tengu conjurer (D:13)
  3 trolls (D:14)
  2 polar bears
  Grinder (D:6)
  10 blink frogs
  12 hippogriffs
  A centaur simulacrum (D:15)
  A tarantella (shapeshifter) (D:13)
  2 vampires
  3 basilisks
  3 fire bats (Lair:1)
  A wraith (D:14)
  2 wyverns
  21 yaks
  3 wargs (Orc:1)
  8 water moccasins
  7 porcupines
  An eye of draining (D:14)
  12 orc warriors
  3 ice beasts
  A black bear (D:10)
  2 sky beasts
  A necrophage (D:11)
  21 centaurs
  6 ogres
  2 phantoms
  11 wolves
  7 crocodiles
  A big kobold (D:11)
  20 bullfrogs
  A gnoll sergeant (D:7)
  3 elf zombies (Ossuary)
  A water moccasin zombie (D:10)
  4 scorpions
  12 killer bees
  4 howler monkeys
  7 wights
  3 electric eels (Lair:1)
  A jelly (D:7)
  A lava snake (Lair:1)
  5 centaur zombies
  9 crimson imps
  A quasit (D:12)
  5 human zombies (Ossuary)
  11 orc priests
  5 hounds
  13 orc wizards
  2 bullfrog skeletons (D:7)
  An iguana (D:10)
  7 hell rats (Lair:5)
  11 worker ants
  A hound zombie (D:5)
  3 mummies (Ossuary)
  2 worker ant zombies
  A howler monkey zombie (D:11)
  Robin (D:2)
  3 gnolls (D:7)
  8 adders
  4 shadow imps
  2 oozes
  An adder zombie (D:5)
  An adder skeleton (D:6)
  4 worms
  2 dart slugs (D:1)
  6 leopard geckos
  59 orcs
  5 giant cockroaches
  16 goblins
  7 hobgoblins
  3 jackals (D:2)
  10 kobolds
  3 quokkas
  6 ball pythons
  5 bats
  4 frilled lizards
  A quokka skeleton (D:8)
  A quokka zombie (D:5)
  8 rats
  A plant (Lair:6)
501 creatures vanquished.

Vanquished Creatures (collateral kills)
  3 oklob plants (Lair:6)
  2 elephants (Lair:6)
  2 yaks (Lair:6)
  A crocodile (Lair:6)
  2 centaurs (D:13)
10 creatures vanquished.

Vanquished Creatures (others)
  An elephant (Lair:6)
  A blink frog (Lair:5)
  A yak (Lair:6)
  An orc warrior (Orc:1)
  18 fungi
  13 plants
  A withered plant (D:15)
36 creatures vanquished.

Grand Total: 547 creatures vanquished

Notes
Turn   | Place    | Note
-------+----------+-------------------------------------------
     0 | D:1      | Wehk the Halfling Assassin began the quest for the Orb.
     0 | D:1      | Reached XP level 1. HP: 14/14 MP: 1/1
     1 | D:1      | Noticed an electric eel
   343 | D:1      | Reached XP level 2. HP: 19/19 MP: 2/2
   543 | D:1      | Reached XP level 3. HP: 24/24 MP: 3/3
   773 | D:2      | Found a snail-covered altar of Cheibriados.
  1017 | D:2      | Noticed Robin
  1033 | D:2      | Reached XP level 4. HP: 19/29 MP: 4/4
  1035 | D:2      | Killed Robin
  1761 | D:3      | Reached XP level 5. HP: 23/34 MP: 5/5
  1924 | D:3      | Noticed Paps's ghost (amateur GrFi)
  2482 | D:3      | Reached skill level 5 in Stealth
  3188 | D:4      | Noticed a bullfrog
  3198 | D:4      | Killed a bullfrog
  3198 | D:4      | Reached skill level 6 in Stealth
  3198 | D:4      | Reached XP level 6. HP: 23/39 MP: 6/6
  3206 | D:4      | Got a bloodstained dagger
  3207 | D:4      | Identified the +5 dagger "Foqexzuh" {venom, +Blink MR+++ Str-2 Int-3 SInv} (You found it on level 4 of the Dungeon)
  3776 | D:4      | Noticed Phong's ghost (novice OpSk)
  3799 | D:4      | Killed Phong's ghost
  3799 | D:4      | Reached skill level 8 in Stealth
  3799 | D:4      | Reached XP level 7. HP: 20/45 MP: 5/7
  4274 | D:5      | Entered Level 5 of the Dungeon
  4294 | D:5      | Reached skill level 9 in Stealth
  4369 | D:5      | Reached XP level 8. HP: 28/51 MP: 8/8
  4574 | D:5      | Reached skill level 5 in Short Blades
  4644 | D:5      | Found a sand-covered staircase.
  4649 | Ossuary  | Entered an ossuary
  5268 | Ossuary  | Reached skill level 1 in Armour
  5268 | Ossuary  | Reached XP level 9. HP: 21/58 MP: 9/9
  5833 | D:5      | Found the cursed +14 obsidian axe {chop, +Fly SInv *Curse}
  5939 | D:6      | Found a sacrificial altar of Ru.
  5946 | D:6      | Reached skill level 1 in Axes
  6341 | D:6      | Found a glowing golden altar of the Shining One.
  6372 | D:6      | Noticed Grinder
  6376 | D:6      | Killed Grinder
  6398 | D:6      | Found a hazy altar of Hepliaklqana.
  6398 | D:6      | Found a shattered altar of Ashenzari.
  6403 | D:6      | Found a bloodstained altar of Trog.
  6405 | D:6      | Found a sparkling altar of Nemelex Xobeh.
  6406 | D:6      | Found a white marble altar of Elyvilon.
  6945 | D:7      | Reached skill level 5 in Fighting
  7330 | D:7      | Reached XP level 10. HP: 66/66 MP: 10/10
  7423 | D:7      | Found a staircase to the Ecumenical Temple.
  7468 | Temple   | Entered the Ecumenical Temple
  7535 | Temple   | Became a worshipper of Warmaster Okawaru
  7985 | D:8      | Reached skill level 10 in Short Blades
  8129 | D:8      | Reached skill level 10 in Stealth
  8474 | D:8      | Reached * piety under Okawaru
  8921 | D:8      | Found a stormy altar of Qazlal.
  8927 | D:8      | Reached skill level 11 in Stealth
  9472 | D:9      | Reached ** piety under Okawaru
  9664 | D:9      | Noticed a two-headed ogre
  9684 | D:9      | Killed a two-headed ogre
  9684 | D:9      | Reached skill level 12 in Stealth
 10031 | D:10     | Entered Level 10 of the Dungeon
 10075 | D:10     | Noticed a two-headed ogre
 10120 | D:10     | Killed a two-headed ogre
 10120 | D:10     | Reached *** piety under Okawaru
 10120 | D:10     | Reached skill level 13 in Stealth
 10120 | D:10     | Reached XP level 11. HP: 24/71 MP: 11/11
 10641 | D:10     | Found Unuas's Antique Weapon Emporium.
 10768 | D:10     | Found a staircase to the Orcish Mines.
 10783 | D:10     | Found a roughly hewn altar of Beogh.
 11506 | D:11     | Reached skill level 14 in Stealth
 11695 | D:11     | Reached skill level 5 in Dodging
 11759 | D:11     | Reached **** piety under Okawaru
 12234 | D:11     | Noticed a cyclops
 12250 | D:11     | Killed a cyclops
 12342 | D:11     | Noticed a cyclops
 12376 | D:11     | Killed a cyclops
 12524 | D:11     | Noticed a brown ugly thing
 12532 | D:11     | Killed a brown ugly thing
 12692 | D:11     | Noticed a two-headed ogre
 12737 | D:11     | Killed a two-headed ogre
 12737 | D:11     | Reached ***** piety under Okawaru
 12763 | D:11     | Found a staircase to the Lair.
 12874 | D:11     | Reached skill level 1 in Invocations
 13201 | D:11     | Received a gift from Okawaru
 13303 | D:12     | Noticed a two-headed ogre
 13333 | D:12     | Noticed a deep elf mage
 13347 | D:12     | Killed a two-headed ogre
 13347 | D:12     | Reached skill level 1 in Evocations
 13852 | Lair:1   | Entered Level 1 of the Lair of Beasts
 14096 | Lair:1   | Reached XP level 12. HP: 76/76 MP: 14/14
 14711 | Lair:1   | Noticed a four-headed hydra
 14718 | Lair:1   | Killed a four-headed hydra
 15713 | Lair:2   | Received a gift from Okawaru
 16504 | Lair:3   | Found a hole to the Spider Nest.
 16522 | Lair:3   | Noticed p0werm0de's ghost (journeyman MiCK)
 16567 | Lair:3   | Noticed Sonja
 16582 | Lair:3   | Killed Sonja
 16737 | Lair:3   | Noticed a death yak
 16738 | Lair:3   | Noticed a death yak
 16738 | Lair:3   | Noticed a death yak
 17044 | Lair:3   | Received a gift from Okawaru
 17113 | Lair:3   | HP: 4/82 [black mamba (17)]
 17677 | Lair:3   | Reached skill level 10 in Dodging
 17818 | Lair:3   | Got a blackened quarterstaff
 17822 | Lair:3   | Identified the cursed +3 quarterstaff "Koethuad" {flame, +Blink +Fly MR+ Dex+3} (You found it on level 3 of the Lair of Beasts)
 17903 | Lair:4   | Received a gift from Okawaru
 18092 | Lair:4   | Noticed a death yak
 18172 | Lair:4   | Identified a scroll of acquirement
 18213 | Lair:4   | Reached ****** piety under Okawaru
 18412 | Lair:4   | Reached XP level 13. HP: 88/88 MP: 10/15
 18899 | Lair:4   | Found a staircase to the Shoals.
 19540 | Lair:5   | Reached skill level 5 in Throwing
 19658 | Lair:5   | Noticed an eight-headed hydra
 21282 | Lair:5   | Killed an eight-headed hydra
 21939 | Lair:5   | Received a gift from Okawaru
 21958 | Lair:6   | Entered Level 6 of the Lair of Beasts
 22070 | Lair:6   | Received a gift from Okawaru
 22113 | Lair:6   | Got an encrusted hunting sling
 22114 | Lair:6   | Identified the cursed +3 hunting sling of Saghooru {flame, *Drain *Slow +Blink rPois} (You found it on level 6 of the Lair of Beasts)
 22369 | Lair:6   | Received a gift from Okawaru
 22462 | Lair:6   | Reached skill level 10 in Fighting
 23360 | Lair:6   | Received a gift from Okawaru
 23399 | Lair:6   | Found a staircase to the Slime Pits.
 23401 | Lair:6   | Found a viscous altar of Jiyva.
 23499 | Lair:6   | Reached XP level 14. HP: 83/99 MP: 16/16
 23796 | Lair:6   | Received a gift from Okawaru
 23797 | Lair:6   | Got a heavily runed scale mail {god gift}
 23809 | Lair:6   | Identified the +2 scale mail of the Accordion {Str+3} (Okawaru gifted it to you on level 6 of the Lair of Beasts)
 24659 | D:12     | Noticed troglodite's ghost (journeyman DsBe)
 25348 | D:12     | Reached skill level 15 in Stealth
 25492 | D:12     | Noticed Maurice
 25526 | D:12     | Killed Maurice
 25904 | Orc:1    | Entered Level 1 of the Orcish Mines
 26724 | Orc:1    | Reached skill level 5 in Invocations
 27294 | Orc:2    | Entered Level 2 of the Orcish Mines
 27294 | Orc:2    | Found a staircase to the Elven Halls.
 27445 | Orc:2    | Found Eveok's Antique Weapon Emporium.
 27896 | D:13     | Reached skill level 5 in Armour
 28019 | D:13     | Found a shimmering altar of Xom.
 28990 | D:14     | Reached skill level 1 in Shields
 29324 | D:14     | Noticed Agrougrou's ghost (journeyman OpTm)
 29568 | D:15     | Entered Level 15 of the Dungeon
 29894 | D:15     | HP: 1/99 [catoblepas (10)]
 29897 | D:15     | Slain by a catoblepas

Skill      XL: |  1  2  3  4  5  6  7  8  9 10 11 12 13 14 |
---------------+-------------------------------------------+-----
Fighting       | 2 4 5 8 10 | 10.1
Short Blades   | 3 4 7 9 10 11 12 | 12.1
Throwing       | 3 4 7 |  7.0
Stealth        | 6 8 9 13 14 15 | 15.0
Armour         | 1 2 4 6 |  6.1
Dodging        | 4 8 10 11 | 11.0
Axes           | 2 |  2.0
Invocations    | 3 6 |  6.0
Evocations     | 3 |  3.0
Shields        | 4 |  4.3

Action                   |  1- 3 |  4- 6 |  7- 9 | 10-12 | 13-15 || total
-------------------------+-------+-------+-------+-------+-------++-------
Melee: Dagger            |    71 |   174 |   407 |   816 |  1118 ||  2586
       Broad axe         |       |       |    12 |       |       ||    12
       Punch             |       |       |       |     1 |     3 ||     4
       Falchion          |       |       |       |       |    53 ||    53
 Fire: Blowgun           |    13 |    60 |     9 |   134 |   417 ||   633
Throw: Tomahawk          |       |       |       |     5 |    62 ||    67
       Throwing net      |       |       |       |       |     2 ||     2
Invok: Heroism           |       |       |       |     6 |     7 ||    13
       Finesse           |       |       |       |     1 |     1 ||     2
 Abil: Evoke Blink       |       |     1 |       |       |       ||     1
       Evoke Berserk Rag |       |       |       |     3 |     3 ||     6
Evoke: Wand              |       |     5 |     4 |    11 |     7 ||    27
       Box of beasts     |       |       |       |       |     1 ||     1
  Use: Scroll            |       |     4 |     5 |    19 |     7 ||    35
       Potion            |       |       |       |    11 |     2 ||    13
 Stab: Sleeping          |     9 |     7 |    12 |    35 |    24 ||    87
       Invisible         |       |       |       |     6 |     4 ||    10
       Distracted        |       |       |       |     1 |     2 ||     3
       Confused          |       |       |       |       |    13 ||    13
       Held in net/web   |       |       |       |       |     2 ||     2
  Eat: Chunk             |       |     5 |     9 |    19 |    20 ||    53
       Ration            |       |     1 |     1 |     5 |     5 ||    12
Armor: Robe              |     1 |       |       |       |       ||     1
       Leather armour    |    10 |    48 |    76 |    83 |   111 ||   328
Dodge: Dodged            |    47 |    74 |   193 |   496 |   732 ||  1542
Block: Buckler           |       |       |       |       |    39 ||    39
       Rpst.: Falchion   |       |       |       |       |    11 ||    11
